 Dungeon Crawl Stone Soup version 0.21.0 (webtiles) character file.

21116 Haldmier the Prestidigitator (level 12, -7/72 HPs)
             Began as a Deep Elf Artificer on Jan 6, 2018.
             Was a High Priest of Nemelex Xobeh.
             Mangled by a jumping spider (10 damage)
             ... on level 3 of the Lair of Beasts on Jan 7, 2018.
             The game lasted 01:56:13 (24864 turns).

Haldmier the Prestidigitator (Deep Elf Artificer)  Turns: 24864, Time: 01:56:13

Health: -7/72      AC: 11    Str: 10    XL:     12   Next: 51%
Magic:  22/22      EV: 10    Int: 18    God:    Nemelex Xobeh [*****.]
Gold:   101        SH:  0    Dex: 18    Spells: 11/11 levels left

rFire    . . .     SeeInvis +   b - +1 dagger (venom)
rCold    + . .     Gourm    .   v - +0 buckler
rNeg     + . .     Faith    .   k - +2 leather armour {rC+}
rPois    .         Spirit   .   m - +0 helmet
rElec    .         Reflect  .   u - +0 cloak {MR+}
rCorr    .         Harm     .   D - +1 pair of gloves
MR       ++...                  L - +1 pair of boots {run}
Stlth    +++++.....             p - amulet of magic regeneration
HPRegen  0.22/turn              X - ring of positive energy
MPRegen  0.43/turn              U - ring of see invisible

@: held, quick
A: no striking features
a: Triple Draw, Deal Four, Stack Five, Renounce Religion


You were on level 3 of the Lair of Beasts.
You worshipped Nemelex Xobeh.
Nemelex Xobeh was extremely pleased with you.
You were near starving.

You visited 3 branches of the dungeon, and saw 15 of its levels.

You collected 824 gold pieces.
You spent 723 gold pieces at shops.

Inventory:

Hand Weapons
 a - a +3 dagger of flaming
 b - a +1 dagger of venom (weapon)
 J - a +0 blowgun
 S - a +2 morningstar of protection
Missiles
 q - 5 curare-tipped needles
 y - a throwing net
 K - 81 poisoned needles
 W - 3 javelins (quivered)
Armour
 k - a +2 leather armour of cold resistance (worn)
 m - a +0 helmet (worn)
 u - a +0 cloak of magic resistance (worn)
 v - a +0 buckler (worn)
 D - a +1 pair of gloves (worn)
 L - a +1 pair of boots of running (worn)
Jewellery
 n - an uncursed ring of ice
 p - an amulet of magic regeneration (around neck)
 C - a cursed ring of loudness {unknown}
 Q - an uncursed ring of fire
 U - a ring of see invisible (right hand)
 X - a ring of positive energy (left hand)
Wands
 c - a wand of flame (4)
 d - a wand of enslavement (19)
 l - a wand of digging (29)
 N - a wand of disintegration (13)
 T - a wand of iceblast (9)
 Y - a wand of scattershot (4)
Scrolls
 e - a scroll of blinking
 i - 3 scrolls of teleportation
 r - 7 scrolls of identify
 z - 2 scrolls of summoning {unknown}
 E - 5 scrolls of remove curse
 I - 2 scrolls of fear
 M - a scroll of fog
Potions
 g - 3 potions of might
 h - 2 potions of resistance
 o - 3 potions of heal wounds
 s - 3 potions of cancellation
 t - a potion of flight
 x - 2 potions of haste
 A - 5 potions of curing
 G - a potion of agility
 O - 2 potions of lignification
Miscellaneous
 w - a plain deck of destruction
 F - an ornate deck of destruction
 H - an ornate deck of destruction {drawn: 8}
 P - a legendary deck of summoning
 R - a legendary deck of summoning
 V - an ornate deck of escape
Comestibles
 f - 21 rations


   Skills:
 + Level 7.1 Fighting
 - Level 10.0 Short Blades
 + Level 10.4 Dodging
 + Level 10.8 Stealth
 - Level 4.0 Shields
 + Level 11.9 Evocations


You had 11 spell levels left.
You didn't know any spells.

Dungeon Overview and Level Annotations

Branches:
Dungeon (11/15)            Temple (1/1) D:7            Lair (3/6) D:11
 Shoals (0/4) Lair:3       Spider (0/4) Lair:3
    Orc: D:9-12

Altars:
Ashenzari
Cheibriados
Dithmenos
Elyvilon
Fedhas
Gozag
Hepliaklqana
Kikubaaqudgha
Makhleb
Nemelex Xobeh
Okawaru
Qazlal
Ru
Sif Muna
Trog
Uskayaw
Vehumet
Wu Jian
Xom
Yredelemnul
Zin
The Shining One

Shops:
D:6 [   D:11 [

Annotations:
D:8 Gastronok
Lair:1 exclusion: downstairs


Message History

You hit the jumping spider but do no damage.
The jumping spider is severely wounded.
The jumping spider completely misses you. x2
You closely miss the jumping spider.
The jumping spider is severely wounded.
The jumping spider closely misses you. x2
You closely miss the jumping spider.
The jumping spider is severely wounded.
You miss the jumping spider.
The jumping spider is severely wounded.
You block the jumping spider's attack. The jumping spider bites you!
* * * LOW HITPOINT WARNING * * *
You barely miss the jumping spider.
The jumping spider is severely wounded.
The jumping spider pounces on you!
* * * LOW HITPOINT WARNING * * *
You are caught in a web!
The jumping spider closely misses you. The jumping spider pounces on you!
You die...
Your body glows with a rainbow of weird colours and disappears.

.#P....##.....#.#.#..## ##.###..
.#.....##.P#..#####...# ##..##..
.###...#.†##.>.# ##..## #...##..
.# #...##..#s.## #...# ##÷###..
.###....#.##P§# ##..# ##.##...
.##....PP..#P.# #..#####...##..
.##........#..# ###..#.#.##.##P..
........§..§#.###P..........###..
..........§s#..s@s..........##...
..P....#......###P##.............
.###..##≈≈≈##.# ####.............
.# #####.(.#### ##.............
.# ..>.. #.............. .#
.#...#. #.............. .##
.###^#.#( ##............. ..# .#
.### #. #............. .#### #
######.............


You could see 2 jumping spiders.

Vanquished Creatures
  2 hydras
  A two-headed ogre (D:10)
  2 death yaks
  Urug (Lair:2)
  Joseph (D:8)
  3 spiny frogs (Lair:3)
  3 komodo dragons
  A troll (D:11)
  2 hippogriffs (Lair:3)
  Grinder (D:5)
  3 redbacks (Lair:3)
  2 wyverns
  24 yaks
  A human (D:7)
  A basilisk (Lair:2)
  A hungry ghost (D:7)
  A hog (D:7)
  Edmund (D:4)
  A hell hound (D:11)
  6 porcupines
  4 water moccasins
  Duvessa (D:4)
  3 sky beasts
  2 black bears
  3 ice beasts
  An orc warrior (D:6)
  3 eyes of draining (D:8)
  4 ogres
  A necrophage (D:9)
  2 centaurs (D:10)
  A crocodile (Lair:2)
  A big kobold (D:6)
  10 bullfrogs
  Dowan (D:5)
  2 scorpions
  8 killer bees
  A wight (D:11)
  An electric eel (Lair:2)
  A centaur zombie (D:10)
  2 crimson imps (D:9)
  A lava snake (Lair:2)
  2 quasits
  3 bullfrog zombies
  6 hounds
  2 jellies (D:11)
  4 orc priests
  2 bullfrog skeletons
  A centaur skeleton (D:10)
  An iguana (D:9)
  10 orc wizards
  6 worker ants
  A hound zombie (D:7)
  A hound skeleton (D:9)
  3 worker ant zombies
  7 gnolls
  10 adders
  5 shadow imps
  2 oozes (D:2)
  An adder skeleton (D:4)
  A worm (D:4)
  5 leopard geckos
  31 orcs
  3 bats
  2 giant cockroaches
  4 hobgoblins
  11 jackals
  2 quokkas
  A ball python (D:6)
  4 frilled lizards
  A giant cockroach zombie (D:4)
  9 goblins
  2 jackal zombies
  29 kobolds
  2 rats
  2 fungi (Lair:3)
  4 plants (D:6)
291 creatures vanquished.

Vanquished Creatures (collateral kills)
  Snorg (D:11)
  2 hydras
  2 death yaks (Lair:3)
  A two-headed ogre (D:11)
  The ghost of zkyp the Grappler, a novice CeMo of Okawaru (Lair:1)
  A manticore (Lair:3)
  A komodo dragon (Lair:2)
  A jumping spider (Lair:3)
  2 redbacks (Lair:3)
  6 yaks
  A hungry ghost (D:10)
  A hell hound (D:11)
  A porcupine (Lair:2)
  4 wights (D:11)
  A jelly (D:11)
  A crimson imp (D:11)
  2 orc wizards
  Jessica (D:3)
  2 adders
  3 gnolls (D:5)
  A leopard gecko (D:3)
  5 orcs
  2 kobolds (D:3)
  A rat (D:3)
  A fire vortex (Lair:2)
45 creatures vanquished.

Vanquished Creatures (others)
  A yak (D:9)
  A hog (D:7)
  A killer bee (D:10)
  A gnoll (D:10)
  A leopard gecko (D:1)
5 creatures vanquished.

Grand Total: 341 creatures vanquished

Notes
Turn   | Place    | Note
-------+----------+-------------------------------------------
     0 | D:1      | Haldmier the Deep Elf Artificer began the quest for the Orb.
     0 | D:1      | Reached XP level 1. HP: 11/11 MP: 5/5
   195 | D:1      | Reached skill level 1 in Fighting
   195 | D:1      | Reached XP level 2. HP: 16/16 MP: 6/6
  1096 | D:1      | Reached XP level 3. HP: 15/20 MP: 7/7
  1509 | D:2      | Found a sparkling altar of Nemelex Xobeh.
  1537 | D:2      | Became a worshipper of Nemelex Xobeh the Trickster
  1675 | D:2      | Received a gift from Nemelex Xobeh
  2036 | D:2      | Found a radiant altar of Vehumet.
  2371 | D:3      | Noticed Jessica
  2374 | D:3      | Killed Jessica
  2374 | D:3      | Reached skill level 4 in Evocations
  2374 | D:3      | Reached XP level 4. HP: 25/25 MP: 7/9
  3363 | D:3      | Reached * piety under Nemelex Xobeh
  3385 | D:3      | Reached XP level 5. HP: 20/29 MP: 10/10
  3956 | D:4      | Reached XP level 6. HP: 35/35 MP: 11/11
  3975 | D:4      | Reached skill level 5 in Evocations
  4084 | D:4      | Noticed Edmund
  4801 | D:4      | Found a hide-covered altar of Uskayaw.
  4888 | D:4      | Found a burning altar of Makhleb.
  4943 | D:4      | Killed Edmund
  4943 | D:4      | Reached XP level 7. HP: 24/40 MP: 13/13
  5196 | D:5      | Entered Level 5 of the Dungeon
  5196 | D:5      | Noticed Duvessa
  5196 | D:5      | Noticed Dowan
  5197 | D:5      | Killed Dowan
  5487 | D:4      | Killed Duvessa
  5870 | D:5      | Reached skill level 6 in Evocations
  6009 | D:5      | Noticed a wyvern
  6025 | D:5      | Killed a wyvern
  6479 | D:5      | Noticed Grinder
  6506 | D:5      | Reached XP level 8. HP: 34/45 MP: 14/14
  6791 | D:5      | Found a shadowy altar of Dithmenos.
  6803 | D:5      | Found a shattered altar of Ashenzari.
  7230 | D:6      | Found an ornate altar of the Wu Jian Council.
  7235 | D:6      | Reached skill level 5 in Short Blades
  7256 | D:6      | Reached skill level 5 in Dodging
  7436 | D:6      | Reached ** piety under Nemelex Xobeh
  7732 | D:6      | Reached skill level 5 in Stealth
  7773 | D:6      | Received a gift from Nemelex Xobeh
  7793 | D:6      | Found Yzavef's Armour Boutique.
  8183 | D:6      | Reached skill level 7 in Evocations
  9027 | D:7      | Received a gift from Nemelex Xobeh
  9304 | D:7      | Found a staircase to the Ecumenical Temple.
  9322 | Temple   | Entered the Ecumenical Temple
  9476 | Temple   | Received a gift from Nemelex Xobeh
  9695 | D:7      | Reached XP level 9. HP: 28/51 MP: 16/16
 10513 | D:6      | Reached skill level 8 in Evocations
 10872 | D:7      | Found a basalt altar of Yredelemnul.
 11064 | D:5      | Killed Grinder
 12127 | D:8      | Noticed Joseph
 12157 | D:8      | Killed Joseph
 12497 | D:8      | Found a bloodstained altar of Trog.
 12613 | D:8      | Reached *** piety under Nemelex Xobeh
 12672 | D:8      | Found a sparkling altar of Nemelex Xobeh.
 12787 | D:8      | Noticed Gastronok
 12916 | D:8      | Received a gift from Nemelex Xobeh
 13305 | D:9      | Reached skill level 9 in Evocations
 13380 | D:9      | Reached XP level 10. HP: 43/58 MP: 18/18
 13534 | D:9      | Found an iron altar of Okawaru.
 13537 | D:9      | Found a white marble altar of Elyvilon.
 13540 | D:9      | Found a shadowy altar of Dithmenos.
 13610 | D:9      | Received a gift from Nemelex Xobeh
 13930 | D:9      | Found an opulent altar of Gozag.
 13943 | D:9      | Found an ancient bone altar of Kikubaaqudgha.
 14579 | D:10     | Entered Level 10 of the Dungeon
 14579 | D:10     | Reached **** piety under Nemelex Xobeh
 15531 | D:10     | Noticed a seven-headed hydra
 15539 | D:10     | Killed a seven-headed hydra
 15539 | D:10     | Reached skill level 5 in Fighting
 15539 | D:10     | Reached skill level 10 in Evocations
 15703 | D:10     | Noticed a two-headed ogre
 15705 | D:10     | Killed a two-headed ogre
 15808 | D:6      | Bought a +0 pair of boots of running for 472 gold pieces
 16709 | D:11     | Received a gift from Nemelex Xobeh
 16938 | D:11     | Received a gift from Nemelex Xobeh
 17184 | D:11     | Reached XP level 11. HP: 64/64 MP: 20/20
 17392 | D:11     | Found a staircase to the Lair.
 17863 | D:11     | Noticed a two-headed ogre
 17879 | D:11     | Killed a two-headed ogre
 18097 | D:11     | Found Hydalece's Armour Shop.
 18100 | D:11     | Reached ***** piety under Nemelex Xobeh
 18229 | D:11     | Noticed Snorg
 18368 | D:6      | Bought a +0 buckler for 67 gold pieces
 18513 | D:11     | Killed Snorg
 18513 | D:11     | Reached skill level 1 in Shields
 18955 | Lair:1   | Entered Level 1 of the Lair of Beasts
 19076 | Lair:1   | Received a gift from Nemelex Xobeh
 19076 | Lair:1   | Received a gift from Nemelex Xobeh
 19177 | Lair:1   | Noticed zkyp's ghost (novice CeMo)
 19524 | Lair:1   | Killed zkyp's ghost
 19862 | Lair:2   | Noticed Urug
 19877 | Lair:2   | Noticed an eight-headed hydra
 20774 | Lair:2   | Killed Urug
 20774 | Lair:2   | Reached skill level 10 in Short Blades
 20774 | Lair:2   | Reached skill level 11 in Evocations
 21055 | Lair:2   | Killed an eight-headed hydra
 21499 | Lair:2   | Received a gift from Nemelex Xobeh
 22033 | Lair:2   | Noticed a five-headed hydra
 23048 | D:11     | Bought a +0 cloak of magic resistance for 184 gold pieces
 23173 | Lair:3   | Noticed a death yak
 23176 | Lair:3   | Noticed a death yak
 23195 | Lair:3   | Noticed a death yak
 23242 | Lair:2   | Killed a death yak
 23242 | Lair:2   | Reached XP level 12. HP: 49/70 MP: 22/22
 23407 | Lair:3   | Received a gift from Nemelex Xobeh
 23518 | Lair:3   | Noticed a five-headed hydra
 23557 | Lair:3   | Killed a five-headed hydra
 23557 | Lair:3   | Reached skill level 10 in Stealth
 23704 | Lair:3   | Killed a five-headed hydra
 23716 | Lair:3   | Received a gift from Nemelex Xobeh
 24131 | Lair:3   | Found a staircase to the Shoals.
 24257 | Lair:3   | Reached skill level 10 in Dodging
 24358 | Lair:3   | Noticed a death yak
 24380 | Lair:3   | Received a gift from Nemelex Xobeh
 24471 | Lair:3   | Killed a death yak
 24496 | Lair:3   | Killed a death yak
 24524 | Lair:3   | Killed a death yak
 24784 | Lair:3   | Found a hole to the Spider Nest.
 24864 | Lair:3   | HP: 3/72 [jumping spider (13)]
 24864 | Lair:3   | Mangled by a jumping spider

Skill      XL: |  1  2  3  4  5  6  7  8  9 10 11 12 |
---------------+-------------------------------------+-----
Fighting       | 1 2 3 4 5 6 7 |  7.1
Stealth        | 2 3 4 5 7 8 9 10 | 10.8
Short Blades   | 2 3 4 6 7 9 10 | 10.0
Dodging        | 3 4 5 7 8 9 10 | 10.4
Evocations     | 4 5 6 7 9 10 11 | 11.9
Shields        | 4 |  4.0

Action                   |  1- 3 |  4- 6 |  7- 9 | 10-12 || total
-------------------------+-------+-------+-------+-------++-------
Melee: Short sword       |   103 |    34 |       |       ||   137
       Flail             |       |    32 |     9 |     3 ||    44
       Dagger            |       |   136 |   658 |   961 ||  1755
       Morningstar       |       |       |       |    32 ||    32
 Fire: Blowgun           |       |       |    10 |     8 ||    18
Throw: Stone             |       |    14 |    14 |       ||    28
       Javelin           |       |       |    13 |    20 ||    33
Evoke: Wand              |     4 |     8 |    13 |    13 ||    38
       Deck              |     3 |     5 |     6 |    39 ||    53
  Use: Scroll            |       |    16 |     9 |     3 ||    28
       Potion            |       |     1 |     2 |     1 ||     4
 Stab: Sleeping          |       |     1 |    14 |    23 ||    38
       Betrayed ally     |       |       |     2 |       ||     2
       Distracted        |       |       |     5 |     2 ||     7
  Eat: Chunk             |     3 |    10 |    19 |    25 ||    57
       Ration            |       |       |     3 |     3 ||     6
Armor: Leather armour    |     3 |    15 |    84 |   180 ||   282
       Ring mail         |    21 |    58 |       |       ||    79
Dodge: Dodged            |    50 |    99 |   243 |   513 ||   905
Block: Buckler           |       |       |       |    56 ||    56
